 Dungeon Crawl Stone Soup version 0.30-a0-722-g3e6e8c874d (webtiles) character file.

Game seed: 14775722548838493987

687 mistaj the Trooper (level 7, -4/38 HPs)
             Began as a Vine Stalker Fighter on Jan 28, 2023.
             Was a Follower of Okawaru.
             Slain by a yak (10 damage)
             ... on level 4 of the Dungeon.
             The game lasted 00:06:17 (3447 turns).

mistaj the Trooper (Vine Stalker Fighter)           Turns: 3447, Time: 00:06:17

Health: -4/38      AC: 11    Str: 21    XL:     7   Next: 62%
Magic:  0/8        EV:  7    Int:  8    God:    Okawaru [*.....]
Gold:   315        SH:  5    Dex: 13    Spells: 6/6 levels left

rFire   . . .      SeeInvis +    a - +1 war axe (freeze)
rCold   . . .      Faith    .    c - +0 buckler
rNeg    . . .      Spirit   +    g - +1 chain mail
rPois   .          Reflect  .    l - +0 helmet
rElec   .          Harm     .    (no cloak)
rCorr   +          Rampage  .    (no gloves)
Will    .....                    (no boots) Stlth
                                 (no amulet)
HPRegen 1.06/turn                b - ring of resist corrosion
MPRegen 0.11/turn                q - ring of see invisible

@: no status effects
A: fangs 2, regeneration 1, magic shield, antimagic bite, no potion heal 2
a: Renounce Religion, Heroism


You were on level 4 of the Dungeon.
You worshipped Okawaru.
Okawaru was aware of your devotion.
You visited 1 branch of the dungeon, and saw 5 of its levels.

You collected 315 gold pieces.

Inventory:

Hand Weapons
 a - a +1 war axe of freezing (weapon)
Armour
 c - a +0 buckler (worn)
 g - a +1 chain mail (worn)
 l - a +0 helmet (worn)
Jewellery
 b - a ring of resist corrosion (left hand)
 q - a ring of see invisible (right hand)
Scrolls
 h - 2 scrolls of enchant armour
 i - a scroll of teleportation
Potions
 d - 2 potions of might
 f - 2 potions of curing
 j - 2 potions of attraction {unknown}
 k - a potion of brilliance {unknown}
 m - a potion of haste {unknown}
 n - a potion of resistance {unknown}
 o - a potion of magic {unknown}
 p - a potion of mutation {unknown}


   Skills:
 + Level 4.5 Fighting
 + Level 4.0 Axes
 + Level 4.1 Armour
 + Level 4.5 Shields


You had 6 spell levels left.
You didn't know any spells.
Your spell library contained the following spells:

 Spells                   Type           Power      Damage    Failure   Level
 Kiss of Death            Conj/Necr      0%         2d5       99%         1
 Ensorcelled Hibernation  Hex/Ice        0%         N/A       100%        2
 Confusing Touch          Hex            0%         N/A       100%        3
 Spider Form              Tmut/Pois      0%         N/A       100%        3
 Anguish                  Hex/Necr       0%         N/A       100%        4
 Dispel Undead            Necr           0%         3d6       100%        4


Dungeon Overview and Level Annotations

Branches:
Dungeon (5/15)
 Temple: D:4-7

Altars:
Cheibriados
Okawaru
Vehumet
Wu Jian

Shops:
D:3 *

Annotations:
D:4 2 transporters, Lemondrips's ghost, amateur MiHW


Innate Abilities, Weirdness & Mutations

You have extremely sharp teeth.
Your natural rate of healing is unusually fast.
When hurt, damage is shared between your health and your magic reserves.
Your bite disrupts and absorbs the magic of your enemies.
Potions cannot restore your health.


Message History

You are too injured to fight recklessly!
The yak attacks as you move away! The yak gores you but does no damage.
The yak attacks as you move away! The yak gores you!
* * * LOW HITPOINT WARNING * * *
The yak attacks as you move away! The yak gores you.
* * * LOW HITPOINT WARNING * * *
The yak attacks as you move away! The yak gores you.
* * * LOW HITPOINT WARNING * * *
Items here: ))) ††.
The yak attacks as you move away! The yak gores you!
The yak attacks as you move away! The yak gores you.
You see here a yak corpse.
There is a stone staircase leading up here.
The yak gores you!
You climb upwards.
Level annotation: 2 transporters, Lemondrips's ghost, amateur MiHW
There is a stone staircase leading down here.
The yak attacks as you move away! The yak barely misses you.
The yak attacks as you move away! The yak gores you but does no damage.
You hit the yak. You freeze the yak.
The yak is severely wounded.
The yak gores you!
You hit the yak. You freeze the yak. You bite the yak. You drain its power.
You feel invigorated.
The yak is almost dead.
The yak gores you!
* * * LOW HITPOINT WARNING * * *
The yak closely misses you.
You hit the yak but do no damage. You bite the yak, but do no damage.
The yak is almost dead.
The yak gores you but does no damage.
You hit the yak but do no damage. You bite the yak. You drain its power.
You feel invigorated.
The yak is almost dead.
The yak gores you.
* * * LOW HITPOINT WARNING * * *
You hit the yak. You freeze the yak.
The yak is almost dead.
The yak gores you!
You die...

#...#....#.......#.....#
##..#....##..........(.##
.#.....#...†..........<.####
.#..#.####..............#..#
.#..#..# ##.............#..###
.#.....#####.................#
.#.....#.#.#...##..#.......###
.#.......#.....Y>..###..####
K#...#...#..#...@...#####
##.......#...........##
#...........##........##
.....<.................#
.........#######...>.###
#........#.....##...##
#.........#####.#.###
##.......##'._#.#.#
.....)...#.#.<#.#.#


You could see a yak.

Vanquished Creatures
  2 yaks
  Blork the orc (D:4)
  A howler monkey (D:5)
  A jelly (D:4)
  A gnoll bouda (D:5)
  A hound (D:5)
  Ijyb (D:4)
  A mummy (D:4)
  4 gnolls (D:5)
  7 adders
  An adder zombie (D:2)
  A worm (D:5)
  4 dart slugs
  An orc (D:3)
  3 ball pythons
  7 endoplasms
  7 giant cockroaches (D:1)
  4 hobgoblins
  6 jackals
  A quokka (D:4)
  8 bats
  A frilled lizard (D:1)
  2 giant cockroach zombies (D:2)
  3 goblins
  6 kobolds
  5 rats
80 creatures vanquished.

Notes
Turn   | Place    | Note
-------+----------+-------------------------------------------
     0 | D:1      | mistaj the Vine Stalker Fighter began the quest for the
                  | Orb.
     0 | D:1      | Reached XP level 1. HP: 11/11 MP: 2/2
   107 | D:1      | Reached XP level 2. HP: 16/16 MP: 3/3
   351 | D:1      | Reached XP level 3. HP: 20/20 MP: 4/4
   811 | D:2      | Found a faded altar of an unknown god.
   970 | D:2      | Gained mutation: Your natural rate of healing is unusually
                  | fast. [Vine Stalker growth]
   970 | D:2      | Reached XP level 4. HP: 24/24 MP: 3/5
  1387 | D:2      | Noticed a necrophage
  2013 | D:3      | Found a radiant altar of Vehumet.
  2018 | D:3      | Reached XP level 5. HP: 28/28 MP: 6/6
  2110 | D:3      | Found Nuqeucw's General Store.
  2418 | D:4      | Noticed Ijyb
  2453 | D:4      | Killed Ijyb
  2470 | D:4      | Noticed Blork the orc
  2483 | D:4      | Killed Blork the orc
  2712 | D:4      | Found an iron altar of Okawaru.
  2796 | D:4      | Became a worshipper of Warmaster Okawaru
  2857 | D:4      | Found a snail-covered altar of Cheibriados.
  2871 | D:4      | Reached XP level 6. HP: 25/33 MP: 3/7
  2974 | D:4      | Found a transporter.
  2976 | D:4      | Noticed an ice beast
  3004 | D:4      | Found a transporter.
  3004 | D:4      | Noticed Lemondrips's ghost (amateur MiHW)
  3026 | D:4      | Found an ornate altar of the Wu Jian Council.
  3184 | D:5      | Entered Level 5 of the Dungeon
  3248 | D:5      | Noticed a yak
  3254 | D:5      | Noticed a yak
  3255 | D:5      | Noticed a yak
  3256 | D:5      | Noticed a yak
  3256 | D:5      | Noticed a yak
  3326 | D:4      | Killed a yak
  3326 | D:4      | Reached * piety under Okawaru
  3327 | D:4      | Reached XP level 7. HP: 37/38 MP: 8/8
  3343 | D:5      | Killed a yak
  3447 | D:4      | Slain by a yak

Illustrated notes

Levels and vault maps discovered:
D:1:      lemuel_arrival_river_passageway, layout_loops_ring, minivault_25,
          minmay_worlds_worst_comb
D:2:      layout_basic, serial_undead, serial_undead_e, serial_undead_f,
          serial_undead_b, serial_undead_a, serial_undead_e, serial_undead_e,
          serial_undead_c, serial_undead_a,
          hellmonk_ecumenical_altar_dog_temple, lightli_corner_chamber
D:3:      layout_loops_ring, nicolae_vehumet_altar_sigil, serial_shops,
          shop_coins
D:4:      layout_cave_pools, nzn_wu_jian_contemplation,
          lemuel_coloured_pillars_altar, chei_slow_surprise,
          gammafunk_ghost_arena, uniq_ijyb, uniq_blork_the_orc
D:5:      layout_basic, makhleb_blood_cavern_becter, minmay_temple_entry_ruins

Skill      XL: |  1  2  3  4  5  6  7 |
---------------+----------------------+-----
Axes           | 2 3 4 |  4.0
Shields        | 3 4 |  4.5
Fighting       | 3 4 |  4.5
Armour         | 3 4 |  4.1

Action                     |  1- 3 |  4- 6 |  7- 9 || total
---------------------------+-------+-------+-------++-------
  Melee: War axe           |    86 |   114 |    19 ||   219
         Bite              |    11 |    36 |     6 ||    53
    Use: Scroll            |       |     9 |       ||     9
 Armour: Scale mail        |    10 |       |       ||    10
         Chain mail        |    75 |    70 |     8 ||   153
  Dodge: Dodged            |    29 |    33 |     8 ||    70
  Block: Buckler           |    22 |    29 |       ||    51

Table legend: (Time is in decaauts)
 A = Elapsed time spent in this place.
 B = Non-inter-level travel time spent in this place.
 C = Inter-level travel time spent in this place.
 D = Time resting spent in this place.
 E = Time spent auto-exploring this place.
 F = Levels seen in this place.
 G = Mean time per level.
                   A        B        C        D        E       F      G
               +--------+--------+--------+--------+--------+-----+--------+
         Total |   3542 |   3452 |     90 |    247 |   2326 |   5 |  708.4 |
       Dungeon |   3542 |   3452 |     90 |    247 |   2326 |   5 |  708.4 |
               +--------+--------+--------+--------+--------+-----+--------+

Top non-repeatable levels by time:
     D:3: 876 daAuts
     D:4: 860 daAuts
     D:1: 835 daAuts
     D:2: 722 daAuts
     D:5: 247 daAuts
